 Dungeon Crawl Stone Soup version 0.29.1-12-g30fa7ad0bf (webtiles) character file.

Game seed: 11298110860403645282

107 retardedninja the Chopper (level 4, -2/41 HPs)
             Began as a Hill Orc Fighter on Dec 19, 2022.
             Slain by an orc priest
             ... wielding a +0 flail
              (5 damage)
             ... on level 3 of the Dungeon.
             The game lasted 00:02:54 (1853 turns).

retardedninja the Chopper (Hill Orc Fighter)        Turns: 1853, Time: 00:02:55

Health: -2/41      AC:  8    Str: 20    XL:     4   Next: 85%
Magic:  4/4        EV: 17    Int:  8    God:
Gold:   62         SH:  4    Dex: 10    Spells: 3/3 levels left

rFire   . . .      SeeInvis .   a - +0 war axe
rCold   . . .      Faith    .   c - +0 buckler
rNeg    . . .      Spirit   .   b - +0 scale mail
rPois   .          Reflect  .   (no helmet)
rElec   .          Harm     .   (no cloak)
rCorr   .          Rampage  .   l - +0 pair of gloves
Will    .....                   (no boots)
Stlth   ..........              (no amulet)
HPRegen 0.13/turn               h - +4 ring of evasion
MPRegen 0.09/turn               i - +4 ring of evasion

@: no status effects
A: no striking features
a: Convert to Beogh


You were on level 3 of the Dungeon.
You visited 1 branch of the dungeon, and saw 3 of its levels.

You collected 62 gold pieces.

Inventory:

Hand Weapons
 a - a +0 war axe (weapon)
Armour
 b - a +0 scale mail (worn)
 c - a +0 buckler (worn)
 l - a +0 pair of gloves (worn)
Jewellery
 h - a +4 ring of evasion (left hand)
 i - a +4 ring of evasion (right hand)
Scrolls
 f - 3 scrolls of identify {unknown}
 j - a scroll of enchant weapon {unknown}
 k - a scroll of magic mapping {unknown}
 m - a scroll of teleportation {unknown}
 n - 2 scrolls of brand weapon {unknown}
Potions
 d - 4 potions of might
 e - a potion of resistance {unknown}
 g - a potion of brilliance {unknown}


   Skills:
 + Level 4.4 Fighting
 + Level 4.5 Axes
 + Level 4.1 Armour
 + Level 0.1 Dodging
 + Level 0.1 Stealth
 + Level 3.5 Shields


You had 3 spell levels left.
You didn't know any spells.
Your spell library contained the following spells:

 Spells                   Type           Power      Damage    Failure   Level
 Gell's Gravitas          Tloc           0%         N/A       99%         3
 Portal Projectile        Hex/Tloc       0%         N/A       99%         3
 Teleport Other           Tloc           0%         N/A       99%         3
 Tukima's Dance           Hex            0%         N/A       99%         3
 Blade Hands              Tmut           0%         N/A       100%        5
 Dispersal                Tloc           0%         N/A       100%        6


Dungeon Overview and Level Annotations

Branches:
Dungeon (3/15)

Altars:

Shops:
D:2 :

Annotations:
D:3 3 runed translucent doors, Wentworth's ghost, amateur DgIE


Message History

You kill the orc!
Unknown command.
You barely miss the orc. The orc hits you but does no damage.
The orc hits you with a +0 dagger.
Unknown command.
You hit the orc.
The orc is moderately wounded.
The orc misses you.
Unknown command.
You hit the orc.
You kill the orc!
You slash the orc priest!
The orc priest threatens, "By the altar or by the axe, you will meet Beogh!"
The orc priest calls down the wrath of Beogh upon you.
Beogh smites you!
Unknown command.
You hit the orc priest.
The orc priest is severely wounded.
The orc priest calls down the wrath of Beogh upon you.
Beogh smites you! You block the orc priest's attack.
You are too injured to fight recklessly!
Unknown command.
You are too injured to fight recklessly!
You are too injured to fight recklessly!
The orc priest closely misses you.
Items here: ))) [ †.
You hit the orc priest.
The orc priest is almost dead.
The orc priest invokes the aid of Beogh against you.
Beogh smites you!
* * * LOW HITPOINT WARNING * * *
You barely miss the orc priest.
The orc priest is almost dead.
The orc priest threatens, "By the altar or by the axe, you will meet Beogh!"
The orc priest barely misses you.
You hit the orc priest but do no damage.
The orc priest is almost dead.
The orc priest hits you but does no damage.
The orc priest hits you with a +0 flail.
You die...

....Z#..###.#.......
.#.#.#### #.#.#.#...
##### #.#.#.#...
######. #...#.#...
....... #..##.#...
#...... #..# #..†
+...... #####..#
#...
#......####......#
#.##
.......@..#.###^.#
#. ..#....o#.#.#
#.## #
#.###.#.#.###.#
...###.#.#.#...# #
........#.#.###
#####.#.....#
#.#.#.### #.#.#>#
#.###


You could see an orc priest.

Vanquished Creatures
  4 gnolls (D:2)
  An adder (D:3)
  4 orcs (D:3)
  4 endoplasms
  A giant cockroach (D:1)
  7 goblins
  9 hobgoblins
  5 ball pythons
  2 bats
  5 frilled lizards
  8 kobolds
  6 rats
56 creatures vanquished.

Notes
Turn   | Place    | Note
-------+----------+-------------------------------------------
     0 | D:1      | retardedninja the Hill Orc Fighter began the quest for the
                  | Orb.
     0 | D:1      | Reached XP level 1. HP: 19/19 MP: 1/1
   228 | D:1      | Reached XP level 2. HP: 21/27 MP: 2/2
   715 | D:1      | You fall into a shaft and drop 1 floor!
   725 | D:2      | Reached XP level 3. HP: 31/33 MP: 3/3
  1118 | D:2      | Found Raobeu's Book Shoppe.
  1630 | D:2      | Reached XP level 4. HP: 35/40 MP: 4/4
  1802 | D:3      | Found a runed translucent gate.
  1802 | D:3      | Found a runed translucent gate.
  1802 | D:3      | Found a runed translucent gate.
  1809 | D:3      | Noticed Wentworth's ghost (amateur DgIE)
  1853 | D:3      | Slain by an orc priest

Illustrated notes

Levels and vault maps discovered:
D:1:      spicycebolla_arrival_ecumenical, layout_loops_ring
D:2:      layout_basic, serial_shops, nicolae_shop_window_shopping,
          amcnicky_mini_rare_corridor_liquid, kennysheep_nondescript
D:3:      gammafunk_steamed_eel, layout_basic, gammafunk_ghost_necromancy,
          minmay_goblin_outpost

Skill      XL: |  1  2  3  4 |
---------------+-------------+-----
Fighting       | 4 |  4.4
Axes           | 3 4 |  4.5
Armour         | 4 |  4.1
Dodging        | |  0.1
Stealth        | |  0.1
Shields        | |  3.5

Action                   |  1- 3 |  4- 6 || total
-------------------------+-------+-------++-------
Melee: War axe           |   114 |    26 ||   140
Armor: Scale mail        |    59 |     8 ||    67
Dodge: Dodged            |    66 |    17 ||    83
Block: Buckler           |    28 |     5 ||    33
